 Dungeon Crawl Stone Soup version 0.30-a0-1074-g5db6f66fbb (webtiles) character file.

Game seed: 8901778841147403189

3570 IdlyInterested the Slicer (level 9, -4/61 HPs)
             Began as a Demonspawn Gladiator on Apr 13, 2023.
             Slain by a two-headed ogre
             ... wielding a +0 giant club
              (9 damage)
             ... on level 9 of the Dungeon.
             The game lasted 00:31:15 (8592 turns).

IdlyInterested the Slicer (Demonspawn Gladiator)    Turns: 8592, Time: 00:31:16

Health: -4/61      AC:  7    Str: 15    XL:     9   Next: 84%
Magic:  0/9        EV: 14    Int: 10    God:
Gold:   74         SH:  0    Dex: 24    Spells: 8/8 levels left

rFire   . . .      SeeInvis .    u - +7 dagger "Pamy Ihi" {flame, *Noise Will- Dex+6}
rCold   + . .      Faith    .    (no shield)
rNeg    + . .      Spirit   +    L - +0 ring mail {rC+}
rPois   .          Reflect  .    c - +0 helmet
rElec   .          Rampage  .    I - +0 cloak
rCorr   .                        (no gloves)
Will    .....                    (no boots)
Stlth   ++++                     f - amulet of Fipuv {Acrobat Fly rN+}
HPRegen 0.30/turn                (no ring)
MPRegen 0.22/turn                (no ring)

@: flying
A: claws 2, repulsion field 1, magic shield, magic regeneration
a: no special abilities


You were on level 9 of the Dungeon.
You visited 2 branches of the dungeon, and saw 10 of its levels.

You collected 509 gold pieces.
You spent 435 gold pieces at shops.

Inventory:

Hand Weapons
 a - a +2 rapier of electrocution
 b - a +0 dagger of draining
 u - the +7 dagger "Pamy Ihi" (weapon) {flame, *Noise Will- Dex+6}
   (You found it on level 3 of the Dungeon)

   Dex:       It affects your dexterity (+6).
   *Noise:    It may make noises in combat.
   Will:      It decreases your willpower.
 y - the +8 quarterstaff "Demonspawn's Peril" {elec, rF+}
   (You found it on level 3 of the Dungeon)

   rF:        It protects you from fire.
 z - a +2 antimagic dagger
 D - a +2 short sword of speed
Missiles
 d - 2 throwing nets
 g - 80 stones
 h - 18 boomerangs
 q - 3 javelins
 s - 14 poisoned darts (quivered)
Armour
 c - a +0 helmet (worn)
 j - the +5 ring mail of an ossuary {rPois rF- rC- SInv}
   (You found it on level 7 of the Dungeon)

   rF:        It makes you vulnerable to fire.
   rC:        It makes you vulnerable to cold.
   rPois:     It protects you from poison.
   SInv:      It lets you see invisible.
 t - the +4 plate armour "Uhaliuri" {rPois rN+ Regen+ Slay+5}
   (You found it on level 3 of the Dungeon)

   Slay:      It affects your accuracy & damage with ranged weapons and melee
   (+5).
   rPois:     It protects you from poison.
   rN:        It protects you from negative energy.
   Regen:     It increases your rate of health regeneration.
 B - the +0 leather armour of Stoicism {rElec rN++ Int+4 Dex-5}
   (You found it on level 5 of the Dungeon)

   Int:       It affects your intelligence (+4).
   Dex:       It affects your dexterity (-5).
   rElec:     It insulates you from electricity.
   rN:        It greatly protects you from negative energy.
 F - a +0 hat of intelligence
 I - a +0 cloak (worn)
 L - a +0 ring mail of cold resistance (worn)
Magical Staves
 J - a staff of cold
Jewellery
 f - the amulet of Fipuv (around neck) {Acrobat Fly rN+}
   (You acquired it on level 2 of the Dungeon)

   [amulet of the acrobat]

   It increases your evasion while moving and waiting.
   rN:        It protects you from negative energy.
   Fly:       It grants you flight.
Wands
 n - a wand of flame (23)
 E - a wand of charming (2)
Scrolls
 i - a scroll of fear
 k - 2 scrolls of summoning
 l - 3 scrolls of fog
 v - 2 scrolls of amnesia
 w - 2 scrolls of poison
 x - a scroll of immolation
 C - 3 scrolls of brand weapon
Potions
 e - a potion of brilliance {unknown}
 m - 4 potions of attraction
 o - 2 potions of flight
 p - 2 potions of mutation {unknown}
 A - a potion of lignification
 G - a potion of haste
 H - 2 potions of might
 K - a potion of invisibility
 M - a potion of curing


   Skills:
 - Level 2.0 Fighting
 * Level 10.4 Short Blades
 - Level 1.7 Throwing
 - Level 1.0 Armour
 - Level 2.6 Dodging
 + Level 8.4 Stealth
 - Level 2.0 Unarmed Combat
 - Level 1.0 Evocations


You had 8 spell levels left.
You didn't know any spells.
Your spell library contained the following spells:

 Spells                   Type           Power      Damage    Failure   Level
 Beastly Appendage        Tmut           0%         N/A       58%         1
 Magic Dart               Conj           0%         1d3       58%         1
 Call Imp                 Summ           0%         N/A       75%         2
 Wereblood                Tmut           0%         N/A       75%         2
 Hailstorm                Conj/Ice       0%         3d3       92%         3
 Mephitic Cloud           Conj/Pois/Air  0%         N/A       92%         3
 Spider Form              Tmut/Pois      0%         N/A       92%         3
 Ice Form                 Ice/Tmut       0%         N/A       100%        4
 Simulacrum               Ice/Necr       0%         N/A       100%        6


Dungeon Overview and Level Annotations

Branches:
Dungeon (9/15)             Temple (1/1) D:5
   Lair: D:8-11         Orc: D:9-12

Altars:
Ashenzari
Cheibriados
Dithmenos
Fedhas
Gozag
Hepliaklqana
Kikubaaqudgha
Makhleb
Nemelex Xobeh
Qazlal
Sif Muna
Uskayaw
Vehumet
Wu Jian
Xom
Yredelemnul
Lugonu

Shops:
D:1 !   D:3 (   D:5 [   D:7 (*((


Innate Abilities, Weirdness & Mutations

You have very sharp fingernails.
You are surrounded by a mild repulsion field. (EV +2)
When hurt, damage is shared between your health and your magic reserves.
You regenerate magic rapidly.


Message History

The wraith is severely damaged.
The wraith hits you but does no damage.
You hit the wraith but do no damage.
The wraith is severely damaged.
You completely miss the wraith.
The wraith is severely damaged.
The wraith hits you!
* * * LOW HITPOINT WARNING * * *
The wraith drains your vigour!
You feel yourself slow down.
You hit the wraith but do no damage.
The wraith is severely damaged.
The wraith closely misses you.
You puncture the wraith! You burn the wraith.
You destroy the wraith!
You start resting.
You feel yourself speed up.
You start resting.
Magic restored.
You start resting.
HP restored.
There is a stone staircase leading down here.
You fly downwards.
The two-headed ogre misses you. The two-headed ogre barely misses you.
There is a stone staircase leading up here.
You hit the two-headed ogre. You burn the two-headed ogre.
Your dagger "Pamy Ihi" swears.
The two-headed ogre is lightly wounded.
You hear a bellow! x4
The two-headed ogre hits you with a +0 giant club!!
The two-headed ogre hits you with a +0 giant club!
You puncture the two-headed ogre! You burn the two-headed ogre.
The two-headed ogre is moderately wounded.
You hit the two-headed ogre. You burn the two-headed ogre.
The two-headed ogre is moderately wounded.
You completely miss the two-headed ogre.
The two-headed ogre is moderately wounded.
The two-headed ogre hits you with a +0 giant club!!
* * * LOW HITPOINT WARNING * * *
The two-headed ogre hits you with a +0 giant club!
You die...

.....##?.....##
.>..............
.......))[....#
...#+ #.)†....#
...[.##..)....#
...#..........#
.........?....#
.....##.#######
...#...@.......
#. #.##O#######
# .. #.# ... .[#
.. ... . ....
.... ......


You could see a two-headed ogre.

Vanquished Creatures
  Pikel (D:4)
  A yak (D:9)
  A wraith (D:8)
  A water moccasin (D:6)
  Duvessa (D:4)
  2 sky beasts
  2 orc warriors (D:7)
  2 black bears
  An ice beast (D:6)
  2 centaurs
  4 lemures (D:4)
  2 phantoms (D:5)
  2 kobold brigands
  4 bullfrogs
  Blork the orc (D:5)
  2 scorpions
  Dowan (D:4)
  A howler monkey (D:6)
  The ghost of kougar the Firebug, a weakling DEFE (D:3)
  A crimson imp (D:5)
  4 hounds
  4 orc priests
  A gnoll bouda (D:9)
  A sleepcap (D:5)
  4 iguanas
  9 orc wizards
  Robin (D:4)
  3 gnolls (D:9)
  7 adders
  2 white imps (D:7)
  4 ufetubi
  3 worms (D:3)
  3 dart slugs
  36 orcs
  2 ball pythons
  6 endoplasms
  4 giant cockroaches
  14 goblins
  8 hobgoblins
  8 jackals
  5 quokkas
  4 bats
  5 frilled lizards
  21 kobolds
  8 rats
  A bush (D:1)
201 creatures vanquished.

Vanquished Creatures (others)
  3 plants
3 creatures vanquished.

Grand Total: 204 creatures vanquished

Notes
Turn   | Place    | Note
-------+----------+-------------------------------------------
     0 | D:1      | IdlyInterested the Demonspawn Gladiator began the quest for
                  | the Orb.
     0 | D:1      | Reached XP level 1. HP: 16/16 MP: 1/1
   248 | D:1      | Reached skill level 1 in Stealth
   251 | D:1      | Gained mutation: You have sharp fingernails. [demonic
                  | ancestry]
   251 | D:1      | Reached XP level 2. HP: 11/22 MP: 2/2
   333 | D:1      | Found Weizaote's Distillery.
   411 | D:1      | Reached skill level 1 in Evocations
   553 | D:1      | Found a faded altar of an unknown god.
  1302 | D:2      | Gained mutation: You are surrounded by a mild repulsion
                  | field. (EV +2) [demonic ancestry]
  1302 | D:2      | Reached XP level 3. HP: 27/27 MP: 3/3
  1401 | D:2      | Reached skill level 1 in Unarmed Combat
  1411 | D:2      | Identified a scroll of acquirement
  1411 | D:2      | Acquired the amulet of Fipuv {Acrobat Fly rN+}
  1924 | D:3      | Gained mutation: You regenerate magic rapidly. [demonic
                  | ancestry]
  1924 | D:3      | Reached XP level 4. HP: 33/33 MP: 4/4
  1939 | D:3      | Found a runed translucent gate.
  1939 | D:3      | Found a runed translucent gate.
  1940 | D:3      | Found a runed translucent gate.
  1940 | D:3      | Found an opulent altar of Gozag.
  1961 | D:3      | Identified the +4 plate armour "Uhaliuri" {rPois rN+ Regen+
                  | Slay+5}
  2117 | D:3      | Found a shimmering altar of Xom.
  2175 | D:3      | Identified the +7 dagger "Pamy Ihi" {flame, *Noise Will-
                  | Dex+6}
  2233 | D:3      | Noticed kougar's ghost (weakling DEFE)
  2249 | D:3      | Killed kougar's ghost
  2250 | D:3      | Reached skill level 1 in Armour
  2253 | D:3      | Gained mutation: You have very sharp fingernails. [demonic
                  | ancestry]
  2253 | D:3      | Reached XP level 5. HP: 23/38 MP: 5/5
  2382 | D:3      | Found a broken altar of Ashenzari.
  2436 | D:3      | Found Ydauso's Weapon Emporium.
  2454 | D:3      | Reached skill level 3 in Short Blades
  2587 | D:3      | Identified the +8 quarterstaff "Demonspawn's Peril" {elec,
                  | rF+}
  2626 | D:4      | Noticed a sky beast
  2635 | D:4      | Killed a sky beast
  2725 | D:4      | Reached skill level 4 in Short Blades
  2725 | D:4      | Gained mutation: When hurt, damage is shared between your
                  | health and your magic reserves. [demonic ancestry]
  2725 | D:4      | Reached XP level 6. HP: 38/44 MP: 6/6
  2787 | D:4      | Noticed Duvessa
  2787 | D:4      | Noticed Dowan
  2787 | D:4      | Noticed Pikel
  2815 | D:4      | Killed Duvessa
  2851 | D:4      | Killed Pikel
  2852 | D:4      | Reached skill level 6 in Short Blades
  2852 | D:4      | Reached skill level 5 in Stealth
  2852 | D:4      | Reached XP level 7. HP: 27/50 MP: 7/7
  2881 | D:4      | Killed Dowan
  2897 | D:4      | Reached XP level 8. HP: 17/56 MP: 5/8
  3083 | D:4      | Noticed Robin
  3192 | D:4      | Killed Robin
  3436 | D:4      | Reached skill level 7 in Short Blades
  3479 | D:5      | Entered Level 5 of the Dungeon
  3672 | D:5      | Found a staircase to the Ecumenical Temple.
  3681 | D:5      | Identified the +0 leather armour of Stoicism {rElec rN++
                  | Int+4 Dex-5}
  3688 | Temple   | Entered the Ecumenical Temple
  3831 | D:5      | Found Lovumig's Antique Armour Boutique.
  3976 | D:5      | Found a basalt altar of Yredelemnul.
  3982 | D:5      | Noticed Blork the orc
  3990 | D:5      | Killed Blork the orc
  3991 | D:5      | Reached skill level 8 in Short Blades
  4189 | D:5      | Found a hide-covered altar of Uskayaw.
  4494 | D:5      | Found a burning altar of Makhleb.
  4551 | D:5      | Bought a runed hat for 168 gold pieces
  4638 | D:1      | Bought a potion of haste for 100 gold pieces
  4835 | D:6      | Reached XP level 9. HP: 61/61 MP: 9/9
  4915 | D:6      | Found a shadowy altar of Dithmenos.
  5229 | D:6      | Found a stormy altar of Qazlal.
  5372 | D:6      | Reached skill level 9 in Short Blades
  6226 | D:1      | Bought a potion of invisibility for 80 gold pieces
  6542 | D:7      | Found an ornate altar of the Wu Jian Council.
  6692 | D:7      | Identified the +5 ring mail of an ossuary {rPois rF- rC-
                  | SInv}
  6729 | D:7      | Found Fozocaidd's Antique Weapon Boutique.
  6733 | D:7      | Found Noskic's Weapon Boutique.
  6733 | D:7      | Found Eheun's Assorted Antiques.
  6738 | D:7      | Found Cephum's Antique Weapon Boutique.
  6770 | D:7      | Found a radiant altar of Vehumet.
  7496 | D:7      | Bought a fuming coppery potion for 17 gold pieces
  7625 | D:1      | Bought a potion of might for 40 gold pieces
  7625 | D:1      | Bought a potion of flight for 30 gold pieces
  8008 | D:8      | Found a blossoming altar of Fedhas.
  8127 | D:8      | Reached skill level 10 in Short Blades
  8364 | D:9      | Noticed a two-headed ogre
  8387 | D:8      | HP: 3/61 [wraith (6)]
  8592 | D:9      | Slain by a two-headed ogre

Illustrated notes

Levels and vault maps discovered:
D:1:      dpeg_arrival_tiny_k, layout_basic,
          dreamdust_ecumenical_altar_angels_and_demons, serial_forest,
          infiniplex_forest_clump_long, infiniplex_forest_end_3,
          infiniplex_forest_clump_tiny, infiniplex_forest_lined_1,
          infiniplex_forest_clump_small, serial_shops, shop
D:2:      layout_loops_ring, minmay_stone_trees_small
D:3:      layout_rooms, brannock_xom_greatest_gift, nicolae_ashenzari_skybound,
          ebering_ghost_gozag, serial_shops, shop, grunt_decor_junction,
          grunt_ministairs_10, corexii_item_surrounded_by_moat
D:4:      layout_basic, minmay_a_box_with_orc_wizards_in_it, uniq_robin,
          uniq_duvessa, uniq_pikel
D:5:      layout_basic, kennysheep_mini, mainiacjoe_overflow_paths,
          makhleb_grotto_becter, minmay_temple_entry_sparse_star, serial_shops,
          kennysheep_little_box, uniq_blork_the_orc
D:6:      layout_layer_cave, dreamdust_divine_triumvirate,
          nicolae_overflow_hidden_temple, grunt_qazlal_clouds
D:7:      layout_loops_ring, amcnicky_altar_gilded, fiery_altar_vehumet,
          minmay_shop_grid_forest, serial_bayou_pond_b,
          nicolae_concentric_dashed_squares_mild, kennysheep_big_empty_room
D:8:      layout_cave_pools, lemuel_round_altar
D:9:      layout_basic, okawaru_gym_becter, nicolae_overflow_squiral,
          david_lair_generic, minmay_orc_entry_temple_small, serial_shops, shop
Temple:   corrupted_temple

Skill      XL: |  1  2  3  4  5  6  7  8  9 |
---------------+----------------------------+-----
Stealth        | 1 2 3 5 7 8 |  8.4
Evocations     | 1 |  1.0
Unarmed Combat | 1 2 |  2.0
Armour         | 1 |  1.0
Short Blades   | 4 6 8 10 | 10.4
Fighting       | |  2.0
Throwing       | |  1.7
Dodging        | |  2.6

Action                     |  1- 3 |  4- 6 |  7- 9 || total
---------------------------+-------+-------+-------++-------
  Melee: Rapier            |   474 |    37 |       ||   511
         Punch             |     6 |     6 |     9 ||    21
         Dagger            |       |   100 |   377 ||   477
  Throw: Dart              |       |     4 |     7 ||    11
         Javelin           |       |     3 |     3 ||     6
         Throwing net      |       |     2 |       ||     2
  Evoke: Wand              |       |       |     3 ||     3
    Use: Scroll            |     5 |     4 |     7 ||    16
         Potion            |       |     2 |     2 ||     4
   Stab: Sleeping          |     2 |     1 |     3 ||     6
         Held in net/web   |       |     2 |       ||     2
         Distracted        |       |       |     2 ||     2
 Armour: Leather armour    |     4 |       |       ||     4
         Ring mail         |    27 |       |    17 ||    44
         Scale mail        |    29 |    30 |    53 ||   112
  Dodge: Dodged            |   101 |    63 |   185 ||   349

Table legend: (Time is in decaauts)
 A = Elapsed time spent in this place.
 B = Non-inter-level travel time spent in this place.
 C = Inter-level travel time spent in this place.
 D = Time resting spent in this place.
 E = Time spent auto-exploring this place.
 F = Levels seen in this place.
 G = Mean time per level.
                   A        B        C        D        E       F      G
               +--------+--------+--------+--------+--------+-----+--------+
         Total |   8473 |   7294 |   1179 |   1081 |   3823 |  10 |  847.3 |
       Dungeon |   8423 |   7245 |   1178 |   1081 |   3823 |   9 |  935.9 |
        Temple |     50 |     49 |      1 |      0 |      0 |   1 |   50.0 |
               +--------+--------+--------+--------+--------+-----+--------+

Top non-repeatable levels by time:
     D:6: 1433 daAuts
     D:1: 1405 daAuts
     D:7: 1174 daAuts
     D:5: 1123 daAuts
     D:3: 898 daAuts
     D:4: 870 daAuts
     D:8: 762 daAuts
     D:2: 721 daAuts
  Temple: 50 daAuts
     D:9: 32 daAuts
